 Dungeon Crawl Stone Soup version 0.26.1-11-gd32895ea62 (webtiles) character file.

Game seed: 16525041052369974319

6299 Almogavar the Covert (level 10, -14/76 HPs)
             Began as a Gnoll Wanderer on May 3, 2021.
             Was a Priest of Okawaru.
             Demolished by an ettin
             ... wielding a +0 dire flail
              (32 damage)
             ... on level 1 of the Orcish Mines.
             The game lasted 00:37:22 (13670 turns).

Almogavar the Covert (Gnoll Wanderer)              Turns: 13670, Time: 00:37:23

Health: -14/76     AC: 10    Str: 18    XL:     10   Next: 95%
Magic:  18/18      EV: 21    Int: 15    God:    Okawaru [***...]
Gold:   909        SH:  5    Dex: 20    Spells: 20/20 levels left

rFire    + . .     SeeInvis .   C - +2 dagger (venom)
rCold    x . .     Faith    .   (no shield)
rNeg     + . .     Spirit   .   M - +3 leather armour
rPois    .         Reflect  +   n - +0 helmet
rElec    .         Harm     +   y - scarf {harm}
rCorr    .         Rampage  .   (no gloves)
Will     +....                  d - +0 pair of boots
Stlth    ++++++....             i - amulet of reflection
HPRegen  0.22/turn              F - +6 ring of dexterity
MPRegen  0.16/turn              s - ring of Vetunefo {Fire rN+ Will+}

@: heroism
A: distributed training, fangs 1, strong nose
a: Renounce Religion, Heroism


You were on level 1 of the Orcish Mines.
You worshipped Okawaru.
Okawaru was most pleased with you.
You visited 3 branches of the dungeon, and saw 11 of its levels.

You collected 909 gold pieces.

Inventory:

Hand Weapons
 a - a +2 short sword
 B - a +1 short sword of flaming
 C - a +2 dagger of venom (weapon)
 J - a +0 hunting sling
 L - a +0 hand crossbow
 N - a +3 short sword of protection
Missiles
 e - 11 boomerangs (quivered)
 f - 488 stones
 h - 243 arrows
 p - 89 sling bullets
 u - 50 bolts
 E - 14 javelins
Armour
 d - a +0 pair of boots (worn)
 n - a +0 helmet (worn)
 x - a +0 kite shield
 y - a scarf of harm (worn)
 M - a +3 leather armour (worn)
Jewellery
 i - an amulet of reflection (around neck)
 j - an uncursed ring of protection from fire
 s - the ring of Vetunefo (right hand) {Fire rN+ Will+}
   (You found it on level 9 of the Dungeon)

   [ring of fire]

   It enhances your fire magic.
   It protects you from fire.
   It makes you vulnerable to cold.
   It protects you from negative energy.
   It affects your willpower, your defense against some magical effects.
 v - an uncursed ring of willpower
 A - a cursed amulet of inaccuracy {unknown}
 F - a +6 ring of dexterity (left hand)
 G - a +4 ring of protection
 I - an uncursed ring of magical power
Wands
 q - a wand of digging (12)
Scrolls
 c - 2 scrolls of holy word {unknown}
 k - a scroll of fear
 l - 4 scrolls of amnesia
 r - 9 scrolls of remove curse
 D - a scroll of enchant weapon
Potions
 b - 6 potions of lignification
 g - 3 potions of heal wounds
 m - 4 potions of cancellation
 o - 3 potions of curing
 t - a potion of haste
 w - a potion of flight
 z - 2 potions of resistance {unknown}
 H - a potion of brilliance {unknown}
 K - 2 potions of mutation {unknown}


   Skills:
 + Level 5.7(10.7) Fighting
 + Level 6.3(11.3) Short Blades
 + Level 5.7(10.7) Long Blades
 + Level 5.7(10.7) Axes
 + Level 6.3(11.3) Maces & Flails
 + Level 5.7(10.7) Polearms
 + Level 5.7(10.7) Staves
 + Level 5.7(10.7) Slings
 + Level 5.7(10.7) Bows
 + Level 5.7(10.7) Crossbows
 + Level 5.7(10.7) Throwing
 + Level 7.4(12.4) Armour
 + Level 6.3(11.3) Dodging
 + Level 11.0(16.0) Stealth
 + Level 5.7(10.7) Shields
 + Level 5.7(10.7) Unarmed Combat
 + Level 5.7 Spellcasting
 + Level 4.7 Conjurations
 + Level 4.7 Hexes
 + Level 4.7 Summonings
 + Level 4.7 Necromancy
 + Level 4.7 Translocations
 + Level 4.7 Transmutations
 + Level 4.7 Fire Magic
 + Level 4.7 Ice Magic
 + Level 4.7 Air Magic
 + Level 4.7 Earth Magic
 + Level 4.7 Poison Magic
 + Level 6.3 Invocations
 + Level 5.7 Evocations


You had 20 spell levels left.
You didn't know any spells.
Your spell library contained the following spells:

 Spells                   Type           Power        Failure   Level
 Animate Skeleton         Necr           36%          2%          1
 Beastly Appendage        Tmut           36%          2%          1
 Magic Dart               Conj           72%          2%          1
 Pain                     Necr           72%          2%          1
 Summon Small Mammal      Summ           72%          2%          1
 Blink                    Tloc           N/A          3%          2
 Call Imp                 Summ           18%          3%          2
 Slow                     Hex            18%          3%          2
 Wereblood                Tmut           18%          3%          2
 Call Canine Familiar     Summ           18%          8%          3
 Conjure Flame            Conj/Fire      27%          8%          3
 Mephitic Cloud           Conj/Pois/Air  18%          8%          3
 Spider Form              Tmut/Pois      9%           8%          3
 Summon Guardian Golem    Hex/Summ       18%          8%          3
 Vampiric Draining        Necr           9%           8%          3
 Animate Dead             Necr           9%           24%         4
 Ice Form                 Ice/Tmut       18%          24%         4
 Summon Ice Beast         Ice/Summ       18%          24%         4
 Summon Lightning Spire   Summ/Air       18%          24%         4
 Agony                    Necr           18%          56%         5
 Blade Hands              Tmut           9%           56%         5


Dungeon Overview and Level Annotations

Branches:
Dungeon (9/15)             Temple (1/1) D:7            Lair (0/6) D:8
    Orc (1/2) D:9

Altars:
Elyvilon
Nemelex Xobeh
Okawaru
Qazlal
Ru
Trog
Uskayaw
Yredelemnul

Shops:
D:5 [


Innate Abilities, Weirdness & Mutations

Your experience applies equally to all skills.
You have very sharp teeth.
Your uncanny sense of smell can sniff out nearby items.


Message History

You hit the ettin but do no damage.
The ettin is poisoned.
You punch the ettin, but do no damage.
The ettin is moderately wounded.
You gain the combat prowess of a mighty hero.
The ettin hits you with a +0 dire flail!
* * * LOW HITPOINT WARNING * * *
The ettin closely misses you.
You hit the ettin.
The ettin looks as sick as possible!
You punch the ettin, but do no damage.
The ettin is moderately wounded.
The ettin closely misses you. You block the ettin's attack.
Throw: 11 boomerangs
Press: ? - help, Q - select action, (/) - cycle Shift-Dir - straight line, f/p - ettin
Aim: an ettin, wielding two +0 dire flails (heavily wounded, very poisoned, 87% to hit)
You throw a boomerang. The boomerang hits the ettin!!
The ettin is almost dead.
You hit the ettin but do no damage.
The ettin looks as sick as possible!
The ettin is almost dead.
The ettin hits you with a +0 dire flail!!
You die...

≈K ####.## ≈≈≈##....#
........###
≈≈≈##.....## ≈(
##......#
#......######
#......#)#.#.##
##.#..........#######
###...#.)...@C#..#.###
#..##....#.#.......##
#...##.....###.......#
#...###.....#.#.#.#.##
.#(.)...............#
..(.......)...#.#...##
..#............###.##
.#..............####
..(.......#.....#


You could see an ettin (extremely poisoned).

Vanquished Creatures
  A centaur warrior (D:9)
  A deep elf mage (D:9)
  A troll (shapeshifter) (D:9)
  A vampire mosquito (D:9)
  Menkaure (D:7)
  2 soldier ants (D:9)
  A water moccasin (D:8)
  A sky beast (D:9)
  2 ice beasts
  8 orc warriors
  An eye of draining (D:9)
  2 phantoms (D:6)
  4 centaurs
  6 ogres
  4 bullfrogs
  A wyvern skeleton (D:9)
  A scorpion (D:9)
  A howler monkey (D:7)
  2 bullfrog zombies
  2 quasits
  A centaur skeleton (D:5)
  5 hounds
  12 orc priests
  A jelly (D:9)
  21 orc wizards
  2 bullfrog skeletons
  3 iguanas
  4 worker ants
  A hound skeleton (D:6)
  A worker ant zombie (D:5)
  6 gnolls (D:3)
  12 adders
  4 shadow imps
  A white imp (D:8)
  4 ufetubi
  An ooze (D:2)
  An adder zombie (D:6)
  4 adder skeletons
  8 worms
  A dart slug (D:4)
  3 leopard geckos
  60 orcs
  A ball python (D:3)
  8 bats
  3 giant cockroaches
  5 goblins
  2 hobgoblins (D:2)
  9 jackals
  5 kobolds
  4 quokkas
  4 frilled lizards
  2 leopard gecko skeletons
  3 quokka skeletons
  4 rats
249 creatures vanquished.

Vanquished Creatures (others)
  5 fungi (D:8)
  8 plants (D:8)
13 creatures vanquished.

Grand Total: 262 creatures vanquished

Notes
Turn   | Place    | Note
-------+----------+-------------------------------------------
     0 | D:1      | Reached skill level 9 in Stealth
     0 | D:1      | Almogavar the Gnoll Wanderer began the quest for the Orb.
     0 | D:1      | Almogavar set off with the following items: a +2 short
                  | sword, 2 potions of lignification, a +0 robe, a +0 dagger
     0 | D:1      | Reached XP level 1. HP: 13/13 MP: 1/1
   428 | D:1      | Reached XP level 2. HP: 17/19 MP: 2/2
  1101 | D:2      | Reached XP level 3. HP: 25/25 MP: 3/3
  1232 | D:2      | Reached skill level 1 in Invocations
  1421 | D:2      | Reached skill level 1 in Fighting
  1421 | D:2      | Reached skill level 1 in Long Blades
  1421 | D:2      | Reached skill level 1 in Axes
  1421 | D:2      | Reached skill level 1 in Polearms
  1421 | D:2      | Reached skill level 1 in Staves
  1421 | D:2      | Reached skill level 1 in Slings
  1421 | D:2      | Reached skill level 1 in Bows
  1421 | D:2      | Reached skill level 1 in Crossbows
  1421 | D:2      | Reached skill level 1 in Throwing
  1421 | D:2      | Reached skill level 1 in Shields
  1421 | D:2      | Reached skill level 1 in Unarmed Combat
  1421 | D:2      | Reached skill level 1 in Spellcasting
  1421 | D:2      | Reached skill level 1 in Evocations
  1431 | D:2      | Reached XP level 4. HP: 29/32 MP: 5/5
  1651 | D:3      | Found a sparkling altar of Nemelex Xobeh.
  1886 | D:3      | Reached skill level 1 in Conjurations
  1886 | D:3      | Reached skill level 1 in Hexes
  1886 | D:3      | Reached skill level 1 in Summonings
  1886 | D:3      | Reached skill level 1 in Necromancy
  1886 | D:3      | Reached skill level 1 in Translocations
  1886 | D:3      | Reached skill level 1 in Transmutations
  1886 | D:3      | Reached skill level 1 in Fire Magic
  1886 | D:3      | Reached skill level 1 in Ice Magic
  1886 | D:3      | Reached skill level 1 in Air Magic
  1886 | D:3      | Reached skill level 1 in Earth Magic
  1886 | D:3      | Reached skill level 1 in Poison Magic
  2186 | D:3      | You fall into a shaft and drop 2 floors!
  2186 | D:5      | Entered Level 5 of the Dungeon
  2207 | D:5      | Reached XP level 5. HP: 37/37 MP: 5/7
  2240 | D:5      | Noticed an ogre
  2247 | D:5      | Killed an ogre
  2325 | D:5      | Reached XP level 6. HP: 28/44 MP: 8/8
  2549 | D:5      | Found a white marble altar of Elyvilon.
  2572 | D:5      | Found Jesk's Armour Shop.
  2812 | D:4      | Reached skill level 5 in Armour
  3408 | D:4      | Reached XP level 7. HP: 50/50 MP: 10/10
  5406 | D:5      | Reached skill level 10 in Stealth
  5406 | D:5      | Reached XP level 8. HP: 31/57 MP: 12/12
  7202 | D:7      | Reached XP level 9. HP: 46/65 MP: 14/14
  7569 | D:7      | Noticed Menkaure
  7591 | D:7      | Killed Menkaure
  7842 | D:7      | Found a staircase to the Ecumenical Temple.
  7850 | Temple   | Entered the Ecumenical Temple
  7855 | Temple   | Became a worshipper of Warmaster Okawaru
  8255 | D:8      | Found a staircase to the Lair.
  8333 | D:8      | Reached skill level 5 in Short Blades
  8333 | D:8      | Reached skill level 5 in Maces & Flails
  8333 | D:8      | Reached skill level 5 in Dodging
  8677 | D:8      | Found a sacrificial altar of Ru.
  9057 | D:8      | Reached * piety under Okawaru
  9386 | D:8      | Reached skill level 5 in Invocations
 10041 | D:9      | Noticed a deep elf mage
 10155 | D:9      | Noticed a demonic crawler
 10435 | D:9      | Noticed a smoke demon
 10436 | D:9      | Killed a deep elf mage
 10436 | D:9      | Reached ** piety under Okawaru
 10437 | D:9      | Reached XP level 10. HP: 38/73 MP: 17/17
 10628 | D:9      | Noticed a two-headed ogre
 10639 | D:8      | Reached skill level 5 in Fighting
 10639 | D:8      | Reached skill level 5 in Long Blades
 10639 | D:8      | Reached skill level 5 in Axes
 10639 | D:8      | Reached skill level 5 in Polearms
 10639 | D:8      | Reached skill level 5 in Staves
 10639 | D:8      | Reached skill level 5 in Slings
 10639 | D:8      | Reached skill level 5 in Bows
 10639 | D:8      | Reached skill level 5 in Crossbows
 10639 | D:8      | Reached skill level 5 in Throwing
 10639 | D:8      | Reached skill level 5 in Shields
 10639 | D:8      | Reached skill level 5 in Unarmed Combat
 10639 | D:8      | Reached skill level 5 in Spellcasting
 10639 | D:8      | Reached skill level 5 in Evocations
 11671 | D:9      | Found a staircase to the Orcish Mines.
 11969 | D:9      | Got a glittering brass ring
 11971 | D:9      | Identified the ring of Vetunefo {Fire rN+ Will+} (You found
                  | it on level 9 of the Dungeon)
 12268 | D:9      | Found a large runed translucent door.
 12268 | D:9      | Found a large runed translucent door.
 12613 | D:9      | Found a basalt altar of Yredelemnul.
 12613 | D:9      | Noticed a centaur warrior
 12634 | D:9      | Killed a centaur warrior
 12634 | D:9      | Reached *** piety under Okawaru
 12911 | D:9      | Found a basalt altar of Yredelemnul.
 12960 | Orc:1    | Entered Level 1 of the Orcish Mines
 12963 | Orc:1    | Reached skill level 11 in Stealth
 12963 | Orc:1    | Received a gift from Okawaru
 13348 | Orc:1    | Noticed an orc sorcerer
 13647 | Orc:1    | Noticed an ettin
 13670 | Orc:1    | Demolished by an ettin

Illustrated notes

Levels and vault maps discovered:
D:1:      tarquinn_simple_flora_water_b, layout_basic, nrook_loot_triangle,
          serial_park_tiny_2, glass_columns_a
D:2:      layout_loops_ring
D:3:      layout_loops_ring, nemelex_xobeh_ov_fountains_minmay
D:4:      layout_loops_ring, cheibrodos_sewer_entry_bend
D:5:      layout_basic, nicolae_overflow_crystal_walls, serial_shops, shop
D:6:      layout_basic, grunt_decor_arrowhead, minivault_1, grunt_ministairs_9
D:7:      layout_basic, minmay_temple_entry_ruins, serial_rivers,
          chequers_serial_rivers_micro_a, chequers_serial_rivers_micro_e,
          chequers_serial_rivers_small_b, chequers_serial_rivers_marsh,
          uniq_menkaure
D:8:      layout_loops_corners, dpeg_oklobed_lair, hangedman_decor_points,
          nicolae_ru_great_annihilating_truth
D:9:      layout_basic, david_orc_3, chequers_serial_rivers_small_b,
          jmf_multi_god_temple2
Temple:   regret_index_temple_chain_breaker
Orc:1:    layout_caves, trog_hazing_becter, uniq_snorg

Skill      XL: |  1  2  3  4  5  6  7  8  9 10 |
---------------+-------------------------------+-----
Stealth        | 10 11 | 11.0
Invocations    | 1 2 3 4 5 6 |  6.3
Fighting       | 1 2 3 4 5 |  5.7
Long Blades    | 1 2 3 4 5 |  5.7
Axes           | 1 2 3 4 5 |  5.7
Polearms       | 1 2 3 4 5 |  5.7
Staves         | 1 2 3 4 5 |  5.7
Slings         | 1 2 3 4 5 |  5.7
Bows           | 1 2 3 4 5 |  5.7
Crossbows      | 1 2 3 4 5 |  5.7
Throwing       | 1 2 3 4 5 |  5.7
Shields        | 1 2 3 4 5 |  5.7
Unarmed Combat | 1 2 3 4 5 |  5.7
Spellcasting   | 1 2 3 4 5 |  5.7
Evocations     | 1 2 3 4 5 |  5.7
Conjurations   | 1 2 3 4 |  4.7
Hexes          | 1 2 3 4 |  4.7
Summonings     | 1 2 3 4 |  4.7
Necromancy     | 1 2 3 4 |  4.7
Translocations | 1 2 3 4 |  4.7
Transmutations | 1 2 3 4 |  4.7
Fire Magic     | 1 2 3 4 |  4.7
Ice Magic      | 1 2 3 4 |  4.7
Air Magic      | 1 2 3 4 |  4.7
Earth Magic    | 1 2 3 4 |  4.7
Poison Magic   | 1 2 3 4 |  4.7
Short Blades   | 3 4 5 6 |  6.3
Maces & Flails | 3 4 5 6 |  6.3
Dodging        | 3 4 5 6 |  6.3
Armour         | 5 6 7 |  7.4

Action                   |  1- 3 |  4- 6 |  7- 9 | 10-12 || total
-------------------------+-------+-------+-------+-------++-------
Melee: Short sword       |    42 |   100 |    31 |     4 ||   177
       Bite              |     2 |     8 |    88 |    50 ||   148
       Dagger            |       |       |   528 |   253 ||   781
       Punch             |       |       |     7 |    16 ||    23
 Fire: Hand crossbow     |       |       |       |    91 ||    91
Throw: Boomerang         |       |       |    42 |     3 ||    45
Invok: Heroism           |       |       |       |     3 ||     3
  Use: Scroll            |     2 |     5 |     6 |     1 ||    14
 Stab: Sleeping          |    11 |     9 |    21 |     6 ||    47
       Distracted        |       |     1 |     3 |       ||     4
       Paralysed         |       |       |     1 |       ||     1
Armor: Ring mail         |       |    21 |   124 |       ||   145
       Leather armour    |       |       |     3 |    50 ||    53
Dodge: Dodged            |    16 |    44 |   250 |   160 ||   470
Block: Other             |     2 |    25 |   109 |    51 ||   187
       Reflection        |       |       |     4 |     3 ||     7
